 Dungeon Crawl Stone Soup version 0.27-a0-1591-gc56fcc985a (webtiles) character file.

Game seed: 385797817785027089

43143 Mesmaeker13 the Eclecticist (level 13, -4/63 HPs)
             Began as a Deep Elf Fire Elementalist on July 19, 2021.
             Was a High Priest of Vehumet.
             Succumbed to a death drake's dark miasma
             ... in a Gauntlet.
             The game lasted 01:05:21 (26602 turns).

Mesmaeker13 the Eclecticist (DEFE)                 Turns: 26602, Time: 01:05:21

Health: -4/63      AC: 13    Str:  5    XL:     13   Next: 89%
Magic:  14/35      EV: 18    Int: 26    God:    Vehumet [*****.]
Gold:   677        SH:  0    Dex: 18    Spells: 12/44 levels left

rFire    . . .     SeeInvis +   D - +3 hand axe (freeze)
rCold    + . .     Faith    .   (no shield)
rNeg     + . .     Spirit   .   t - +4 robe "Edoac" {rN+}
rPois    .         Reflect  .   B - +2 helmet
rElec    .         Harm     .   s - +2 cloak
rCorr    .         Rampage  .   F - +0 pair of gloves {Dex+3}
Will     ++...     NoTele   +   (no boots)
Stlth    ++........             C - amulet of magic regeneration
HPRegen  0.20/turn              G - ring of Visa {rC+ Will+ Slay-6 SInv}
MPRegen  0.49/turn              f - ring of wizardry

@: lethally poisoned (-4 -> -22), slowed, very slow
A: no striking features
a: Renounce Religion


You were in a Gauntlet.
You worshipped Vehumet.
Vehumet was extremely pleased with you.
You visited 4 branches of the dungeon, and saw 17 of its levels.
You visited 1 bazaar.
You also visited: Gauntlet.

You collected 1688 gold pieces.
You spent 1011 gold pieces at shops.

Inventory:

Hand Weapons
 o - a +2 dagger of holy wrath
 D - a +3 hand axe of freezing (weapon)
Missiles
 I - 2 throwing nets (quivered)
 N - 3 curare-tipped darts
Armour
 b - a +1 robe of cold resistance
 d - a scarf of resistance
 s - a +2 cloak (worn)
 t - the +4 robe "Edoac" (worn) {rN+}
   (You bought it in a shop in a bazaar)

   rN:        It protects you from negative energy.
 B - a +2 helmet (worn)
 E - a +0 kite shield
 F - a +0 pair of gloves of dexterity (worn)
Jewellery
 a - a +4 ring of evasion
 f - a ring of wizardry (right hand)
 j - an amulet of reflection
 l - the ring of Aqaoki {Fly rPois rC++ Str+3 Int-4}
   (You found it on level 2 of the Lair of Beasts)

   [ring of flight]

   Str:       It affects your strength (+3).
   Int:       It affects your intelligence (-4).
   rC:        It greatly protects you from cold.
   rPois:     It protects you from poison.
   Fly:       It grants you flight.
 C - an amulet of magic regeneration (around neck)
 G - the ring of Visa (left hand) {rC+ Will+ Slay-6 SInv}
   (You found it on level 10 of the Dungeon)

   [ring of willpower]

   Slay:      It affects your accuracy & damage with ranged weapons and melee
   (-6).
   rC:        It protects you from cold.
   SInv:      It lets you see invisible.
   Will:      It increases your willpower.
 Q - the ring of Sakiug {rC- rN+ MP+9 Dex+3 Stlth+}
   (You found it in a Gauntlet)

   [ring of magical power]

   Dex:       It affects your dexterity (+3).
   rC:        It makes you vulnerable to cold.
   rN:        It protects you from negative energy.
   MP:        It affects your magic capacity (+9).
   Stlth:     It makes you more stealthy.
Wands
 h - a wand of acid (15)
 J - a wand of mindburst (10)
Scrolls
 e - 6 scrolls of teleportation
 p - a scroll of torment
 u - a scroll of fear
 v - a scroll of magic mapping
 w - a scroll of amnesia
 x - a scroll of enchant armour
 y - a scroll of summoning
 H - 2 scrolls of blinking
 K - a scroll of fog {unknown}
 M - a scroll of enchant weapon {unknown}
 O - a scroll of silence {unknown}
Potions
 g - 3 potions of flight
 i - 4 potions of curing
 k - 3 potions of magic {unknown}
 m - 2 potions of haste
 n - 2 potions of cancellation
 q - a potion of brilliance
 r - 4 potions of lignification
 z - a potion of invisibility {unknown}
 L - 5 potions of ambrosia
 P - a potion of might {unknown}


   Skills:
 - Level 9.4 Dodging
 - Level 2.4 Stealth
 + Level 8.9 Shields
 + Level 16.0 Spellcasting
 - Level 10.3 Conjurations
 - Level 4.4 Summonings
 + Level 13.9 Fire Magic


You had 12 spell levels left.
You knew the following spells:

 Your Spells              Type           Power      Damage    Failure   Level
a - Foxfire               Conj/Fire      100%       2x1d9     0%          1
b - Sticky Flame          Conj/Fire      71%        2d8       1%          4
c - Blink                 Tloc           N/A        N/A       1%          2
d - Fireball              Conj/Fire      35%        3d15      1%          5
e - Call Canine Familiar  Summ           44%        N/A       1%          3
f - Ignition              Fire           38%        3d11      6%          8
g - Passwall              Tmut/Erth      16%        N/A       1%          2
h - Orb of Destruction    Conj           32%        9d12      3%          7

Your spell library contained the following spells:

 Spells                   Type           Power      Damage    Failure   Level
 Animate Skeleton         Necr           40%        N/A       1%          1
 Apportation              Tloc           40%        N/A       1%          1
 Beastly Appendage        Tmut           40%        N/A       1%          1
 Corona                   Hex            22%        N/A       1%          1
 Pain                     Necr           80%        1d8       1%          1
 Summon Small Mammal      Summ           100%       N/A       1%          1
 Sublimation of Blood     Necr           10%        N/A       1%          2
 Wereblood                Tmut           20%        N/A       1%          2
 Conjure Flame            Conj/Fire      71%        6-21      1%          3
 Inner Flame              Hex/Fire       55%        N/A       1%          3
 Summon Guardian Golem    Hex/Summ       32%        N/A       1%          3
 Portal Projectile        Hex/Tloc       40%        N/A       3%          3
 Spider Form              Tmut/Pois      10%        N/A       3%          3
 Swiftness                Air            20%        N/A       3%          3
 Vampiric Draining        Necr           10%        2d7       3%          3
 Olgreb's Toxic Radiance  Pois           20%        N/A       3%          4
 Leda's Liquefaction      Hex/Erth       10%        N/A       10%         4
 Alistair's Intoxication  Tmut/Pois      13%        N/A       26%         5
 Manifold Assault         Tloc           20%        N/A       26%         5
 Summon Hydra             Summ           22%        N/A       77%         7
 Invisibility             Hex            10%        N/A       80%         6
 Ozocubu's Refrigeration  Ice            10%        4d7       83%         7
 Storm Form               Tmut/Air       10%        N/A       100%        7


Dungeon Overview and Level Annotations

Branches:
Dungeon (10/15)            Temple (1/1) D:6            Lair (4/6) D:8
  Swamp (0/4) Lair:3       Spider (0/4) Lair:3          Orc (2/2) D:9
    Elf (0/3) Orc:2       Gauntlet (1/1)

Altars:
Ashenzari
Cheibriados
Dithmenos
Elyvilon
Fedhas
Gozag
Hepliaklqana
Kikubaaqudgha
Makhleb
Nemelex Xobeh
Okawaru
Qazlal
Ru
Sif Muna
Trog
Uskayaw
Vehumet
Wu Jian
Xom
Yredelemnul
Zin
The Shining One

Shops:
Orc:2 (?[:*

Annotations:
D:6 2 transporters, Sapher's ghost, weakling TrDe
D:8 exclusion: oklob plant
D:10 7 exclusions, Erolcha Gauntlet 9 transporters


Message History

You are poisoned.
You feel as though you will be slow longer.
* * * LOW HITPOINT WARNING * * *
x2 You feel extremely sick.
The spectral centaur warrior hits you but does no damage.
The spectral centaur warrior misses you.
The spectral centaur warrior closely misses you.
The spectral centaur warrior kicks you but does no damage.
The spectral centaur warrior misses you.
The spectral centaur warrior kicks you but does no damage.
You feel better.
The spectral centaur warrior completely misses you.
The spectral centaur warrior misses you.
The death drake breathes miasma at you.
The foul vapour engulfs the spectral centaur warrior.
The spectral centaur warrior completely resists.
The spectral centaur warrior hits you but does no damage.
The spectral centaur warrior closely misses you.
Blink to where?
Press: ? - help, Dir - move target, p - spectral centaur warrior There's something in the way.
Okay, then.
Unknown command.
Casting: Sticky Flame (safe; 1% risk of failure)
Confirm with . or Enter, or press ? or * to list all spells.
Okay, then.
Unknown command.
Casting: Sticky Flame (safe; 1% risk of failure)
Confirm with . or Enter, or press ? or * to list all spells.
The spell is quite dangerous to cast (3% risk of failure)!
Continue anyway?
Aiming: Orb of Destruction (quite dangerous; 3% risk of failure)
Press: ? - help, Shift-Dir - straight line, f/p - spectral centaur warrior
Aim: a spectral centaur warrior (foul pestilence, heavily damaged)
The wavering orb of destruction weakly hits the spectral centaur warrior!!
You blow up the spectral centaur warrior!
Vehumet accepts your kill.
You feel your power returning.
You are engulfed in dark miasma.
You are lethally poisoned!
* * * LOW HITPOINT WARNING * * *
You die...

#....###[#..#......)#..#...##
##°##...©#©©#.8.©.#©#.∩#.©...
.R.##.##$#..#.......#..#...##
##☼©..##h#..#.8.#.#=#.8#.©.#
##.##...h#..#.yyy...#..#...#
...##.##R#..#########..#...#
##########..#..........##..#
.........#..#########..###.#
.........#..#.##@#|.#..≈# ##
..##≈##..#..##k°##.##..##
..§###≈..#..##°#°°###.§§#
..## ##..#.©#°##°#°©#..##
..≈# #≈..#..##..##.##..≈#
..## ##..#####.#..###..##
..≈# #≈.....#.##.#)=#..≈#
.### ###....#########..## ≈#
#≈#§............≈#


You could see a death drake (catching breath) and 3 meliai.

Vanquished Creatures
  Gastronok (Lair:1)
  Snorg (D:10)
  3 hydras (Lair:1)
  Harold (Lair:1)
  3 boulder beetles
  A centaur warrior (Orc:2)
  3 death yaks (D:8)
  A two-headed ogre (D:9)
  A bog body (Lair:3)
  Pikel (D:6)
  A wizard (Gauntlet)
  2 orc knights
  An oklob plant (Lair:1)
  A spectral centaur (Gauntlet)
  2 centaur zombies
  A cyclops (Orc:2)
  Maurice (Orc:2)
  4 elephants
  2 black mambas
  Maggie (D:9)
  7 cane toads
  A rime drake (Lair:1)
  3 komodo dragons
  A queen bee (Lair:3)
  2 polar bears
  A troll (Orc:2)
  Prince Ribbit (Lair:1)
  2 dream sheep (Lair:1)
  7 blink frogs (Lair:1)
  2 spriggans (Lair:1)
  A vampire (D:9)
  Eustachio (D:6)
  A fire elemental (Gauntlet)
  29 yaks
  5 wyverns
  A steam dragon (D:9)
  A basilisk (Lair:2)
  Grum (D:9)
  2 wargs
  Edmund (D:6)
  3 swamp worms (Lair:3)
  10 water moccasins
  Duvessa (D:6)
  A hell hound (Gauntlet)
  35 orc warriors
  An ice beast (D:5)
  A spectral hornet (Gauntlet)
  4 black bears
  2 necrophages (D:5)
  7 ogres
  20 wolves
  12 centaurs
  4 lemures (D:5)
  A phantom (D:4)
  11 bullfrogs
  2 gnoll sergeants (D:8)
  9 scorpions
  Dowan (D:6)
  A wyvern skeleton (D:6)
  A water moccasin skeleton (D:5)
  23 killer bees (Lair:3)
  4 electric eels
  9 wights
  6 howler monkeys
  15 orc priests
  Crazy Yiuf (D:3)
  2 hounds
  8 jellies (D:8)
  A bullfrog skeleton (D:6)
  2 centaur skeletons (D:7)
  3 iguanas
  3 hell rats (D:8)
  13 orc wizards
  12 gnolls
  5 adders
  2 river rats (D:8)
  2 shadow imps
  2 white imps
  2 ufetubi
  An adder zombie (D:5)
  4 worms
  2 dart slugs
  72 orcs
  9 ball pythons
  18 endoplasms
  2 giant cockroaches
  8 goblins
  6 hobgoblins
  4 jackals
  6 kobolds
  4 quokkas
  5 bats
  4 frilled lizards
  5 rats
494 creatures vanquished.

Vanquished Creatures (collateral kills)
  Sonja (Lair:4)
  A cane toad (Lair:4)
  2 foxfires (Lair:1)
4 creatures vanquished.

Vanquished Creatures (others)
  753 foxfires
  32 fungi
  100 plants
885 creatures vanquished.

Grand Total: 1383 creatures vanquished

Notes
Turn   | Place    | Note
-------+----------+-------------------------------------------
     0 | D:1      | Mesmaeker13 the Deep Elf Fire Elementalist began the quest
                  | for the Orb.
     0 | D:1      | Reached XP level 1. HP: 10/10 MP: 6/6
   448 | D:1      | Reached XP level 2. HP: 15/15 MP: 5/8
  1275 | D:2      | Found a faded altar of an unknown god.
  1346 | D:2      | Reached XP level 3. HP: 19/19 MP: 6/10
  2280 | D:3      | Noticed a scorpion
  2286 | D:3      | Killed a scorpion
  2287 | D:3      | Reached skill level 4 in Spellcasting
  2287 | D:3      | Reached XP level 4. HP: 24/24 MP: 7/12
  2299 | D:3      | Learned a level 4 spell: Sticky Flame
  2533 | D:3      | Reached XP level 5. HP: 28/28 MP: 11/13
  2778 | D:3      | Found a runed translucent door.
  2779 | D:3      | Noticed Crazy Yiuf
  2818 | D:3      | Found a hazy altar of Hepliaklqana.
  2819 | D:3      | Found a shimmering altar of Xom.
  2820 | D:3      | Noticed a spectral ugly thing
  3035 | D:3      | Found a sacrificial altar of Ru.
  3231 | D:3      | Killed Crazy Yiuf
  3441 | D:4      | Noticed a centaur
  3800 | D:4      | Noticed an ogre
  3816 | D:4      | Killed an ogre
  3995 | D:4      | Reached XP level 6. HP: 32/32 MP: 12/15
  4121 | D:4      | Reached skill level 5 in Spellcasting
  4261 | D:4      | Reached skill level 5 in Fire Magic
  4336 | D:4      | Reached skill level 5 in Dodging
  4438 | D:4      | Reached XP level 7. HP: 32/36 MP: 13/17
  4951 | D:5      | Entered Level 5 of the Dungeon
  4959 | D:5      | Reached skill level 6 in Spellcasting
  5038 | D:5      | Learned a level 2 spell: Blink
  5469 | D:5      | Reached skill level 5 in Conjurations
  5469 | D:5      | Reached XP level 8. HP: 21/41 MP: 14/20
  5781 | D:6      | Noticed Dowan
  5793 | D:6      | Killed Dowan
  5796 | D:6      | Noticed Duvessa
  5802 | D:5      | Reached skill level 7 in Spellcasting
  5941 | D:6      | Noticed Pikel
  6148 | D:6      | Noticed Edmund
  6167 | D:6      | Killed Edmund
  6520 | D:6      | Killed Duvessa
  6823 | D:5      | Reached skill level 8 in Spellcasting
  6915 | D:6      | Killed Pikel
  6916 | D:6      | Reached XP level 9. HP: 12/45 MP: 16/23
  7360 | D:6      | Found a staircase to the Ecumenical Temple.
  7451 | Temple   | Entered the Ecumenical Temple
  7636 | Temple   | Became a worshipper of Vehumet
  7658 | D:6      | Found a transporter.
  7783 | D:6      | Noticed Eustachio
  7802 | D:6      | Learned a level 5 spell: Fireball
  7816 | D:6      | Found a transporter.
  7934 | D:6      | Noticed Sapher's ghost (weakling TrDe)
  8083 | D:6      | Killed Eustachio
  8084 | D:6      | Reached skill level 9 in Spellcasting
  8214 | D:7      | Found a blossoming altar of Fedhas.
  9726 | D:7      | Reached XP level 10. HP: 32/47 MP: 17/25
 10452 | D:8      | Reached skill level 10 in Spellcasting
 10904 | D:8      | Reached * piety under Vehumet
 10904 | D:8      | Offered knowledge of Shock by Vehumet.
 11427 | D:8      | Found a shimmering blue altar of Sif Muna.
 11505 | D:8      | Noticed a death yak
 11506 | D:8      | Noticed a death yak
 11953 | D:9      | Noticed Maggie
 11960 | D:9      | Killed Maggie
 12073 | D:9      | Reached skill level 1 in Shields
 12721 | D:9      | Reached ** piety under Vehumet
 12721 | D:9      | Offered knowledge of Static Discharge by Vehumet.
 12919 | D:9      | Found a staircase to the Orcish Mines.
 13231 | D:9      | Noticed a two-headed ogre
 13233 | D:9      | Noticed Grum
 13236 | D:9      | Killed a two-headed ogre
 13237 | D:9      | Reached skill level 11 in Spellcasting
 13238 | D:9      | Killed Grum
 13454 | D:8      | Noticed a death yak
 13454 | D:8      | Found a staircase to the Lair.
 13623 | D:10     | Entered Level 10 of the Dungeon
 13665 | D:10     | Noticed Erolcha
 13789 | D:10     | Learned a level 3 spell: Call Canine Familiar
 13902 | D:10     | Noticed a seven-headed hydra
 13921 | D:10     | Noticed Snorg
 13934 | D:10     | Killed Snorg
 13935 | D:10     | Reached skill level 1 in Summonings
 13935 | D:10     | Reached XP level 11. HP: 54/54 MP: 12/28
 14135 | D:10     | Reached skill level 10 in Fire Magic
 14206 | D:10     | Identified the ring of Visa {rC+ Will+ Slay-6 SInv}
 14749 | D:8      | Found a broken altar of Ashenzari.
 14806 | D:8      | Killed a death yak
 14807 | D:8      | Killed a death yak
 14977 | D:8      | Killed a death yak
 15174 | D:8      | Noticed an oklob plant
 15197 | D:8      | Offered knowledge of Stone Arrow by Vehumet.
 15326 | Lair:1   | Entered Level 1 of the Lair of Beasts
 15377 | D:8      | Reached skill level 10 in Conjurations
 15378 | D:8      | Reached skill level 12 in Spellcasting
 15651 | Lair:1   | Reached *** piety under Vehumet
 15869 | Lair:1   | Noticed a boulder beetle
 16072 | Orc:1    | Entered Level 1 of the Orcish Mines
 16080 | Orc:1    | Offered knowledge of Dazzling Flash by Vehumet.
 16250 | Orc:2    | Entered Level 2 of the Orcish Mines
 16269 | Orc:1    | Learned a level 8 spell: Ignition
 17157 | Orc:1    | Learned a level 2 spell: Passwall
 17257 | Orc:1    | Noticed an orc knight
 17332 | Orc:1    | Killed an orc knight
 17337 | Orc:1    | Reached **** piety under Vehumet
 17640 | Orc:2    | Found Egecihud's Gadget Gallery.
 17685 | Orc:2    | Found a gateway to a bazaar.
 17734 | Orc:2    | Reached skill level 5 in Shields
 17766 | Orc:2    | Reached XP level 12. HP: 59/59 MP: 28/30
 17816 | Orc:2    | Offered knowledge of Ignite Poison by Vehumet.
 17990 | Orc:2    | Found a staircase to the Elven Halls.
 18548 | Orc:2    | Reached skill level 13 in Spellcasting
 18608 | Orc:2    | Noticed Maurice
 18695 | Orc:2    | Killed Maurice
 18882 | Orc:2    | Noticed a centaur warrior
 18886 | Orc:2    | Killed a centaur warrior
 19410 | Orc:2    | Reached ***** piety under Vehumet
 19410 | Orc:2    | Offered knowledge of Lightning Bolt by Vehumet.
 19591 | Orc:2    | Found Midaf's Armour Boutique.
 19591 | Orc:2    | Found Zymyttut's Magic Scroll Shoppe.
 19593 | Orc:2    | Found Ihih's Weapon Emporium.
 19595 | Orc:2    | Found Biaqok's Book Shop.
 19694 | Bazaar   | Entered a bazaar
 19695 | Bazaar   | Found Ymputz's Antique Armour Shop.
 19700 | Bazaar   | Found Cometokh's Magic Scroll Emporium.
 19727 | Bazaar   | Found Pasm's Assorted Antiques.
 19735 | Bazaar   | Found Keteytiw's Weapon Shoppe.
 19738 | Bazaar   | Found Ajath's Armour Shoppe.
 19778 | Bazaar   | Bought a tattered robe for 142 gold pieces
 19778 | Bazaar   | Identified the +4 robe "Edoac" {rN+} (You bought it in a
                  | shop in a bazaar)
 19832 | Bazaar   | Bought a +2 helmet for 181 gold pieces
 19832 | Bazaar   | Bought a +0 pair of gloves of dexterity for 126 gold pieces
 19849 | Bazaar   | Bought a scarf of resistance for 352 gold pieces
 19859 | Bazaar   | Bought a scroll labelled OBOZEO CAVON for 19 gold pieces
 19862 | Bazaar   | Bought a potion of heal wounds for 95 gold pieces
 19886 | Bazaar   | Bought a scroll of identify for 32 gold pieces
 19886 | Bazaar   | Bought a scroll of identify for 32 gold pieces
 19886 | Bazaar   | Bought a scroll of identify for 32 gold pieces
 20272 | Lair:1   | Noticed a five-headed hydra
 20277 | Lair:1   | Killed a five-headed hydra
 20285 | Lair:1   | Noticed a four-headed hydra
 20290 | Lair:1   | Killed a four-headed hydra
 20291 | Lair:1   | Reached skill level 14 in Spellcasting
 20887 | Lair:1   | Found a shimmering altar of Xom.
 20907 | Lair:1   | Noticed Prince Ribbit
 20911 | Lair:1   | Noticed a four-headed hydra
 20914 | Lair:1   | Killed Prince Ribbit
 20929 | Lair:1   | Killed a four-headed hydra
 21031 | Lair:1   | Noticed Harold
 21035 | Lair:1   | Killed Harold
 21142 | Lair:1   | Found a hide-covered altar of Uskayaw.
 21173 | Lair:1   | Noticed Gastronok
 21184 | Lair:1   | Killed Gastronok
 21185 | Lair:1   | Reached XP level 13. HP: 41/63 MP: 14/33
 22724 | Lair:2   | Reached skill level 15 in Spellcasting
 23183 | Lair:2   | Identified the ring of Aqaoki {Fly rPois rC++ Str+3 Int-4}
 23714 | Lair:3   | Found a hole to the Spider Nest.
 24909 | Lair:3   | Offered knowledge of Orb of Destruction by Vehumet.
 25098 | Lair:3   | Found a staircase to the Swamp.
 25699 | Lair:4   | Noticed Sonja
 25705 | Lair:4   | Killed Sonja
 25944 | Lair:4   | Found a gate leading to a gauntlet.
 25953 | Gauntlet | Entered a Gauntlet
 25953 | Gauntlet | Found a transporter.
 25953 | Gauntlet | Found a transporter.
 26081 | Gauntlet | Found a transporter.
 26085 | Gauntlet | Found a transporter.
 26103 | Gauntlet | Found a transporter.
 26121 | Gauntlet | Found a transporter.
 26124 | Gauntlet | Found a transporter.
 26126 | Gauntlet | Found a transporter.
 26136 | Gauntlet | Found a transporter.
 26152 | Gauntlet | Found a transporter.
 26162 | Gauntlet | Found a transporter.
 26187 | Gauntlet | Found a transporter.
 26205 | Gauntlet | Found a transporter.
 26222 | Gauntlet | Found a transporter.
 26286 | Gauntlet | Identified the ring of Sakiug {rC- rN+ MP+9 Dex+3 Stlth+}
 26310 | Gauntlet | Learned a level 7 spell: Orb of Destruction
 26329 | Gauntlet | Reached skill level 16 in Spellcasting
 26602 | Gauntlet | HP: 1/63 [death drake] (12)]
 26602 | Gauntlet | Succumbed to a death drake's dark miasma

Illustrated notes

Levels and vault maps discovered:
D:1:      minmay_arrival_four_houses, layout_basic
D:2:      layout_loops_corners, shapermc_ecumenical_altar_ellora,
          minmay_misc_feat_diagonals, corexii_hall_statues_x
D:3:      cheibrodos_old_hovel, layout_basic, regret_index_temple_of_mockery,
          nicolae_ru_path_of_blood, uniq_crazy_yiuf_cottage
D:4:      layout_gridville, hex_tiny
D:5:      layout_rooms
D:6:      layout_cave_pools, minmay_temple_entry_junction,
          gammafunk_ghost_stat_death, minmay_crystal_water, uniq_pikel,
          uniq_eustachio, uniq_edmund, uniq_duvessa
D:7:      layout_loops_corners, mainiacjoe_overflow_surrounded_room
D:8:      lemuel_slime, layout_loops_ring, mainiacjoe_overflow_alcove_1,
          mainiacjoe_overflow_alcove_2, dpeg_lair_monsters,
          hangedman_abyss_or_decor_clamps, roderic_roman_lattice
D:9:      layout_roguey, hiddenorc2_lemuel, uniq_maggie, uniq_grum
D:10:     layout_loops_ring, uniq_snorg, uniq_erolcha
Temple:   eino_temple_rhombus
Lair:1:   wad_woods_stonehenge, layout_chaotic_city, basic_altar,
          nzn_sisyphean_effort, minmay_lair_oklob_chamber, uniq_gastronok,
          uniq_harold, uniq_prince_ribbit2
Lair:2:   layout_chaotic_city, grunt_megastairs_5
Lair:3:   layout_layer_cave, nicolae_swamp_entry_splash_gauntlet,
          nicolae_spider_entry_non_spiders, special_room [special_room_bee],
          minivault_27, infiniplex_staircase_pool, serial_bayou_shore_b
Lair:4:   layout_roguey, gauntlet_entry_generic, lemuel_fruit_fields,
          lemuel_fruit_tree, uniq_sonja
Orc:1:    layout_caves
Orc:2:    st_orc_rangers, layout_diamond_mine, serial_shops, bzr_entry_dummy,
          nicolae_shop_gadgets, uniq_maurice
Gauntlet: gammafunk_gauntlet_mixed_choke_point
          [minmay_gauntlet_arena_77_two_lines,
          minmay_gauntlet_arena_77_radiant_squares,
          minmay_gauntlet_arena_77_hold_the_fort,
          gammafunk_gauntlet_arena_crates,
          minmay_gauntlet_arena_77_terracotta_army,
          minmay_gauntlet_arena_77_museum,
          minmay_gauntlet_arena_77_tiled_triplets, gauntlet_exit_spiral]

Skill      XL: |  1  2  3  4  5  6  7  8  9 10 11 12 13 |
---------------+----------------------------------------+-----
Dodging        | 3 4 5 6 7 9 |  9.4
Conjurations   | 2 3 4 5 6 7 9 10 | 10.3
Spellcasting   | 4 5 6 8 9 11 12 14 16 | 16.0
Fire Magic     | 4 5 6 7 8 9 11 12 13 | 13.9
Shields        | 3 5 7 8 |  8.9
Summonings     | 1 4 |  4.4
Stealth        | |  2.4

Action                   |  1- 3 |  4- 6 |  7- 9 | 10-12 | 13-15 || total
-------------------------+-------+-------+-------+-------+-------++-------
Melee: Short sword       |       |       |     1 |       |       ||     1
       Mace              |       |       |     1 |       |       ||     1
       Hand axe          |       |       |       |    82 |    46 ||   128
Throw: Throwing net      |       |       |       |       |     2 ||     2
 Cast: Foxfire           |    68 |    43 |   121 |   194 |    16 ||   442
       Sticky Flame      |       |     3 |    37 |    88 |    50 ||   178
       Fireball          |       |       |       |   140 |    88 ||   228
       Blink             |       |       |       |     3 |     2 ||     5
       Passwall          |       |       |       |     1 |       ||     1
       Call Canine Famil |       |       |       |     2 |     5 ||     7
       Orb of Destructio |       |       |       |       |     5 ||     5
       Ignition          |       |       |       |       |     5 ||     5
Evoke: Wand              |       |     3 |    11 |    47 |     8 ||    69
  Use: Scroll            |     4 |     2 |     2 |     7 |     2 ||    17
       Potion            |       |       |       |       |     6 ||     6
Armor: Robe              |     2 |     3 |     8 |     5 |    48 ||    66
       Leather armour    |       |       |     4 |     6 |       ||    10
       Steam dragon scal |       |       |       |    36 |       ||    36
Dodge: Dodged            |     4 |    10 |    58 |   216 |   141 ||   429
Block: Other             |     1 |     4 |    19 |    81 |    24 ||   129
       Reflection        |       |     1 |     1 |     9 |       ||    11

Table legend: (Time is in decaauts)
 A = Elapsed time spent in this place.
 B = Non-inter-level travel time spent in this place.
 C = Inter-level travel time spent in this place.
 D = Time resting spent in this place.
 E = Time spent auto-exploring this place.
 F = Levels seen in this place.
 G = Mean time per level.
                   A        B        C        D        E       F      G
               +--------+--------+--------+--------+--------+-----+--------+
         Total |  26695 |  25446 |   1249 |   9313 |  10286 |  19 | 1405.0 |
       Dungeon |  15939 |  15052 |    887 |   5271 |   6791 |  10 | 1593.9 |
        Temple |    196 |    167 |     29 |      0 |    165 |   1 |  196.0 |
          Lair |   5891 |   5728 |    163 |   1751 |   2733 |   4 | 1472.8 |
  Orcish Mines |   3790 |   3621 |    169 |   1962 |    560 |   2 | 1895.0 |
        Bazaar |    215 |    215 |      0 |      0 |     37 |   1 |  215.0 |
      Gauntlet |    660 |    660 |      0 |    329 |      0 |   1 |  660.0 |
               +--------+--------+--------+--------+--------+-----+--------+

Top non-repeatable levels by time:
     D:8: 2526 daAuts
  Lair:1: 2340 daAuts
   Orc:2: 2236 daAuts
     D:9: 2095 daAuts
     D:5: 1999 daAuts
     D:7: 1893 daAuts
  Lair:3: 1883 daAuts
     D:3: 1590 daAuts
   Orc:1: 1554 daAuts
     D:4: 1451 daAuts
     D:6: 1333 daAuts
  Lair:2: 1298 daAuts
     D:2: 1144 daAuts
     D:1: 1010 daAuts
    D:10: 894 daAuts
